 Dungeon Crawl Stone Soup version 0.23-a0-299-g9a66eeb (webtiles) character file.

2513 Dmuffinman the Carver (level 9, -1/75 HPs)
             Began as a Minotaur Berserker on Oct 6, 2018.
             Was an Elder of Trog.
             Slain by a hippogriff (3 damage)
             ... on level 8 of the Dungeon.
             The game lasted 00:37:42 (5877 turns).

Dmuffinman the Carver (Minotaur Berserker)          Turns: 5877, Time: 00:37:43

Health: -1/75      AC: 23    Str: 25    XL:     9   Next: 29%
Magic:  8/8        EV:  9    Int:  4    God:    Trog [****..]
Gold:   484        SH:  4    Dex: 10    Spells: 8/8 levels left

rFire    . . .     SeeInvis .   B - +0 long sword
rCold    . . .     Gourm    .   (no shield)
rNeg     . . .     Faith    .   e - +0 plate armour
rPois    .         Spirit   .   (helmet restricted)
rElec    .         Reflect  +   (no cloak)
rCorr    .         Harm     .   (no gloves)
MR       .....                  (no boots)
Stlth    ..........             k - +4 amulet of reflection
HPRegen  0.22/turn              n - +5 ring of protection
MPRegen  0.11/turn              b - +5 ring of protection

@: no status effects
A: retaliatory headbutt, horns 2
a: Berserk, Trog's Hand, Brothers in Arms, Renounce Religion


You were on level 8 of the Dungeon.
You worshipped Trog.
Trog was greatly pleased with you.
You were not hungry.

You visited 1 branch of the dungeon, and saw 8 of its levels.

You collected 484 gold pieces.

Inventory:

Hand Weapons
 q - the +8 hand crossbow "Dragon's Tongue" {flame, +Inv rC+, unknown}
   (You took it off a crimson imp on level 6 of the Dungeon)

   It causes projectiles fired from it to burn those they strike, causing extra
   injury to most foes and up to half again as much damage against particularly
   susceptible opponents.
   It protects you from cold.
   It lets you turn invisible.
 B - a +0 long sword (weapon)
Missiles
 s - 15 tomahawks of returning (quivered)
Armour
 e - a +0 plate armour (worn)
Jewellery
 b - a +5 ring of protection (right hand)
 k - a +4 amulet of reflection (around neck)
 n - a +5 ring of protection (left hand)
Wands
 a - a wand of flame (24)
 d - a wand of polymorph (17)
 j - a wand of paralysis (11)
 y - a wand of iceblast (19)
Scrolls
 f - a scroll of magic mapping
 g - 3 scrolls of teleportation
 m - 2 scrolls of remove curse
 p - 7 scrolls of identify
 r - a scroll of blinking {unknown}
 w - 2 scrolls of fog
Potions
 h - 2 potions of heal wounds {unknown}
 i - a potion of flight {unknown}
 l - a potion of ambrosia {unknown}
 o - a potion of berserk rage {unknown}
 t - a potion of brilliance {unknown}
 u - a potion of degeneration {unknown}
 v - a potion of haste {unknown}
 z - 2 potions of invisibility {unknown}
 A - a potion of agility
Comestibles
 c - 18 rations


   Skills:
 + Level 6.0 Fighting
 * Level 11.1 Long Blades
 * Level 8.1 Armour
 * Level 5.4 Dodging
 + Level 0.3 Evocations


You had 8 spell levels left.
You didn't know any spells.
Your spell library was empty.

Dungeon Overview and Level Annotations

Branches:
Dungeon (8/15)
 Temple: D:4-7         Lair: D:8-11

Altars:
Ashenzari
Fedhas
Hepliaklqana
Qazlal
Ru
Trog
Xom
Yredelemnul

Annotations:
D:8 Joseph


Innate Abilities, Weirdness & Mutations

You reflexively headbutt those who attack you in melee.
You have a pair of horns on your head.


Message History

Joseph unwields an uncursed quarterstaff.
Joseph wields an uncursed hunting sling.
Joseph shoots a sling bullet.
The sling bullet closely misses you. The hippogriff bites you!
* * * LOW HITPOINT WARNING * * *
The hippogriff pecks you but does no damage.
The hippogriff barely misses you.
You see here a sling bullet.
Joseph shoots a sling bullet.
The sling bullet hits you!
* * * LOW HITPOINT WARNING * * *
You see here a sling bullet.
A wyvern comes into view.
The wyvern hisses angrily.
The wyvern moves out of view.
There is a stone staircase leading up here.
Joseph tries to grin evilly.
The hippogriff bites you!
* * * LOW HITPOINT WARNING * * *
The hippogriff pecks you.
You die...

###...## #......#
#......#.############.
.....@.#.(.#..........
........##.(........#
.......# ###@......#
....... #......##
......# #..H...#
...... #..@#..# #...
#..###..# ..## ####
#..# #... ... .


You could see Joseph and a hippogriff.

Vanquished Creatures
  A two-headed ogre (D:8)
  The ghost of CodePen the Chopper, an amateur DDBe of Trog (D:3)
  A hungry ghost (D:7)
  A black bear (D:6)
  An ice beast (D:7)
  4 ogres
  A centaur (D:6)
  A bullfrog (D:7)
  A scorpion (D:5)
  3 wights (D:6)
  3 crimson imps
  3 jellies (D:3)
  A centaur zombie (D:4)
  2 hounds
  A quasit (D:8)
  An orc priest (D:5)
  A bullfrog skeleton (D:3)
  2 worker ants
  2 orc wizards
  A hound skeleton (D:4)
  A howler monkey zombie (D:4)
  3 worker ant zombies
  Robin (D:2)
  A howler monkey skeleton (D:4)
  2 adders
  2 shadow imps (D:5)
  10 oozes
  3 adder zombies (D:4)
  2 dart slugs (D:1)
  5 leopard geckos
  14 orcs
  A ball python (D:3)
  3 giant cockroaches
  13 goblins
  9 hobgoblins
  4 jackals (D:2)
  6 quokkas
  6 bats
  6 frilled lizards (D:1)
  A giant cockroach zombie (D:4)
  2 gnoll zombies (D:3)
  2 jackal skeletons
  9 kobolds
  A leopard gecko skeleton (D:4)
  2 leopard gecko zombies (D:4)
  A quokka skeleton (D:3)
  A quokka zombie (D:4)
  6 rats
  A fungus (D:3)
150 creatures vanquished.

Vanquished Creatures (others)
  An orc wizard (D:5)
  A kobold (D:3)
  9 toadstools (D:3)
11 creatures vanquished.

Grand Total: 161 creatures vanquished

Notes
Turn   | Place    | Note
-------+----------+-------------------------------------------
     0 | D:1      | Dmuffinman the Minotaur Berserker began the quest for the
                  | Orb.
     0 | D:1      | Reached XP level 1. HP: 19/19 MP: 0/0
   111 | D:2      | Reached XP level 2. HP: 26/27 MP: 1/1
   114 | D:2      | Reached skill level 4 in Long Blades
   566 | D:2      | Reached XP level 3. HP: 33/33 MP: 2/2
   575 | D:2      | Noticed Robin
   601 | D:2      | Killed Robin
   718 | D:2      | Found a shimmering altar of Xom.
   720 | D:2      | Found a hazy altar of Hepliaklqana.
   720 | D:2      | Noticed a yak
   721 | D:2      | Noticed a spectral ugly thing
   721 | D:2      | Noticed a yak
   914 | D:1      | Reached XP level 4. HP: 41/41 MP: 3/3
   986 | D:1      | Reached ** piety under Trog
  1559 | D:3      | Found a shattered altar of Ashenzari.
  1715 | D:4      | Reached skill level 5 in Long Blades
  2346 | D:3      | Reached XP level 5. HP: 33/47 MP: 4/4
  2457 | D:3      | Reached skill level 6 in Long Blades
  2544 | D:3      | Found a runed gate.
  2544 | D:3      | Found a runed gate.
  2544 | D:3      | Found a runed gate.
  2559 | D:3      | Noticed CodePen's ghost (amateur DDBe)
  2581 | D:3      | Killed CodePen's ghost
  2581 | D:3      | Reached XP level 6. HP: 53/53 MP: 5/5
  2588 | D:3      | Reached skill level 5 in Armour
  2987 | D:3      | Found a basalt altar of Yredelemnul.
  3038 | D:3      | Found a bloodstained altar of Trog.
  3504 | D:5      | Entered Level 5 of the Dungeon
  3533 | D:5      | Reached skill level 7 in Long Blades
  3600 | D:4      | Reached XP level 7. HP: 54/60 MP: 6/6
  3770 | D:5      | Reached *** piety under Trog
  3825 | D:5      | Found a blossoming altar of Fedhas.
  4041 | D:5      | Found a stormy altar of Qazlal.
  4241 | D:5      | Reached skill level 5 in Fighting
  4291 | D:5      | Reached skill level 8 in Long Blades
  4709 | D:6      | Reached XP level 8. HP: 49/68 MP: 7/7
  4834 | D:6      | Reached skill level 9 in Long Blades
  4898 | D:6      | Got a translucent hand crossbow
  5239 | D:7      | Found a sacrificial altar of Ru.
  5281 | D:7      | Reached skill level 10 in Long Blades
  5281 | D:7      | Reached skill level 5 in Dodging
  5319 | D:8      | Noticed a two-headed ogre
  5327 | D:8      | Killed a two-headed ogre
  5327 | D:8      | Reached XP level 9. HP: 45/75 MP: 8/8
  5465 | D:8      | Reached **** piety under Trog
  5709 | D:7      | Reached skill level 11 in Long Blades
  5857 | D:8      | Noticed Joseph
  5877 | D:8      | HP: 2/75 [hippogriff (8)]
  5877 | D:8      | Slain by a hippogriff

Vault maps used:
D:1:      dpeg_arrival_rhombus, minmay_lizard_pond
D:2:      regret_index_temple_of_mockery, uniq_robin
D:3:      cheibrodos_fertilizer, ashenzari_conservatory_becter,
          lemuel_zombie_altar_yredelemnul, gammafunk_ghost_necromancy, trog_book
D:4:      first_ration, serial_undead, serial_undead_f, serial_undead_e,
          serial_undead_c, serial_undead_a, serial_undead_d, grunt_ministairs_1
D:5:      nicolae_qazlal_general_emergency, amethyst_overflow_temple_binary,
          minivault_4, fedhas_altar_1
D:6:      grunt_temple_overflow_order_and_chaos_2,
          minmay_temple_entry_statues_fountains, guppyfry_early_elven_hall
D:7:      wad_lake_hut, kennysheep_mini_moat
D:8:      grunt_temple_overflow_opulence, uniq_joseph, uniq_prince_ribbit1

Skill      XL: |  1  2  3  4  5  6  7  8  9 |
---------------+----------------------------+-----
Fighting       | 4 5 6 |  6.0
Long Blades    | 4 5 6 7 8 10 11 | 11.1
Armour         | 3 4 5 6 7 8 |  8.1
Dodging        | 3 4 5 |  5.4
Evocations     | |  0.3

Action                   |  1- 3 |  4- 6 |  7- 9 || total
-------------------------+-------+-------+-------++-------
Melee: Falchion          |    95 |   145 |    62 ||   302
       Headbutt          |    15 |    28 |    36 ||    79
       Long sword        |       |       |   134 ||   134
Throw: Tomahawk          |       |       |     1 ||     1
Invok: Berserk           |     1 |     2 |       ||     3
       Trog's Hand       |       |     1 |       ||     1
Evoke: Wand              |       |       |     2 ||     2
  Use: Scroll            |       |     3 |     6 ||     9
       Potion            |       |       |     1 ||     1
  Eat: Chunk             |     1 |     6 |     6 ||    13
       Ration            |       |     2 |     1 ||     3
Armor: Plate armour      |    59 |    77 |    99 ||   235
       Animal skin       |     1 |       |       ||     1
Dodge: Dodged            |    40 |    36 |    78 ||   154
Block: Other             |       |    17 |    34 ||    51
       Reflection        |       |     2 |     2 ||     4
       Rpst.: Falchion   |    10 |     8 |     7 ||    25
       Long sword        |       |       |     9 ||     9

Table legend:
 A = Non-vault XP
 B = Vault XP
 C = Vault XP percentage of total XP
 D = Non-vault monster count
 E = Vault monster count
 F = Vault count percentage of total count
                 A         B        C        D         E       F
            +---------+---------+-------+---------+---------+-------
      Total |    2940 |     650 |  18.1 |      96 |      54 |  36.0
            +---------+---------+-------+---------+---------+-------
        D:1 |      35 |       5 |  12.5 |      15 |       5 |  25.0
        D:2 |      42 |      35 |  45.5 |      17 |      12 |  41.4
        D:3 |      29 |     457 |  94.0 |      11 |      23 |  67.6
        D:4 |      56 |     153 |  73.2 |       6 |      14 |  70.0
        D:5 |     361 |       0 |   0.0 |      14 |       0 |   0.0
        D:6 |     646 |       0 |   0.0 |      13 |       0 |   0.0
        D:7 |     776 |       0 |   0.0 |      12 |       0 |   0.0
        D:8 |     995 |       0 |   0.0 |       8 |       0 |   0.0
            +---------+---------+-------+---------+---------+-------
